 Dungeon Crawl Stone Soup version 0.29.1-15-g9cfb28693d (webtiles) character file.

Game seed: 14558113638630615341

42 Gustavia the Cudgeller (level 3, 0/37 HPs)
             Began as an Ogre Gladiator on Mar 24, 2023.
             Slain by Terence
             ... wielding a +4 morningstar of protection
              (14 damage)
             ... on level 2 of the Dungeon.
             The game lasted 00:04:29 (1518 turns).

Gustavia the Cudgeller (Ogre Gladiator)             Turns: 1518, Time: 00:04:30

Health: 0/37       AC:  6    Str: 20    XL:     3   Next: 56%
Magic:  3/3        EV: 10    Int:  9    God:
Gold:   97         SH:  0    Dex: 10    Spells: 2/2 levels left

rFire   . . .      SeeInvis .   f - +2 whip (vamp)
rCold   . . .      Faith    .   (no shield)
rNeg    . . .      Spirit   .   b - +0 robe
rPois   .          Reflect  .   c - +0 hat
rElec   .          Harm     .   a - +2 cloak
rCorr   .          Rampage  .   (gloves unavailable)
Will    .....                   (boots unavailable)
Stlth   +.........              (no amulet)
HPRegen 0.12/turn               (no ring)
MPRegen 0.08/turn               (no ring)

@: no status effects
A: large, unfitting armour, tough skin 1
a: no special abilities


You were on level 2 of the Dungeon.
You visited 1 branch of the dungeon, and saw 2 of its levels.

You collected 97 gold pieces.

Inventory:

Hand Weapons
 f - a +2 vampiric whip (weapon)
Missiles
 d - 3 throwing nets (quivered)
 e - a large rock
Armour
 a - a +2 cloak (worn)
 b - a +0 robe (worn)
 c - a +0 hat (worn)
Potions
 g - a potion of heal wounds
 h - a potion of curing
 i - a potion of haste {unknown}
 j - a potion of mutation {unknown}


   Skills:
 + Level 3.0 Fighting
 + Level 3.2 Maces & Flails
 + Level 2.1 Throwing
 + Level 3.0 Dodging
 + Level 1.1 Stealth


You had 2 spell levels left.
You didn't know any spells.
Your spell library was empty.

Dungeon Overview and Level Annotations

Branches:
Dungeon (2/15)

Altars:

Annotations:
D:2 Terence


Innate Abilities, Weirdness & Mutations

You are too large for most types of armour.
You have tough skin. (AC +1)


Message History

You aren't carrying any scrolls.
A ball python comes into view.
The ball python hisses angrily.
You whack the ball python!
You kill the ball python!
You see here a ball python corpse.
You open the door.
There is an open door here.
Terence the Incautious comes into view.
He is wielding a +4 morningstar of protection.
Terence shouts!
Terence says, "You're history."
Terence hits you with a +4 morningstar of protection!
You hit Terence.
You feel better.
Terence is lightly wounded.
Terence hits you with a +4 morningstar of protection.
You hit Terence.
Terence is lightly wounded.
Terence looks scornfully at you. Terence barely misses you.
You completely miss Terence.
Terence is lightly wounded.
Terence hits you with a +4 morningstar of protection!
You closely miss Terence.
Terence is lightly wounded.
Terence hits you with a +4 morningstar of protection.
You feel much better.
Terence drinks a potion.
Terence flickers and vanishes!
Deactivating autopickup; reactivate with Ctrl-A.
You closely miss something. Something hits you.
You hit something.
You feel better.
Your punch misses something. Something hits you.
You miss something. Something hits you.
You hit something but do no damage. Something hits you!
You closely miss something. Something hits you.
You feel much better. Something hits you.
You hit something. Your punch misses something.
Something hits you but does no damage.
You barely miss something. Something hits you!
You hit something. You punch something. Something hits you!
You miss something. Something hits you!
You die...

###...##########
#.#...†.......
#...##########
##'### ##...##
##.....##
##.......##
#.........#
+...@.....+
#...{.....#
##.......##
##.....##
##...## ##+##


There were no monsters in sight!

Vanquished Creatures
  An adder (D:2)
  A dart slug (D:2)
  A bat (D:1)
  An endoplasm (D:1)
  5 goblins
  2 hobgoblins (D:1)
  3 jackals (D:2)
  4 ball pythons
  A frilled lizard (D:1)
  8 kobolds
  2 rats
29 creatures vanquished.

Notes
Turn   | Place    | Note
-------+----------+-------------------------------------------
     0 | D:1      | Gustavia the Ogre Gladiator began the quest for the Orb.
     0 | D:1      | Reached XP level 1. HP: 22/22 MP: 1/1
   246 | D:1      | Found a faded altar of an unknown god.
   249 | D:1      | Reached XP level 2. HP: 29/29 MP: 2/2
   317 | D:1      | You fall into a shaft and drop 1 floor!
   878 | D:1      | Reached XP level 3. HP: 37/37 MP: 3/3
  1400 | D:2      | Reached skill level 1 in Stealth
  1500 | D:2      | Noticed Terence
  1518 | D:2      | Slain by Terence

Illustrated notes

Levels and vault maps discovered:
D:1:      saegor_arrival_simple_a, layout_rooms,
          hellmonk_ecumenical_altar_crossroads, serial_rivers,
          chequers_serial_rivers_small_b, chequers_serial_rivers_large_a,
          chequers_serial_rivers_micro_e, chequers_serial_rivers_large_b,
          chequers_serial_rivers_small_3, chequers_serial_rivers_small_3
D:2:      layout_loops_corners, uniq_terence

Skill      XL: |  1  2  3 |
---------------+----------+-----
Maces & Flails | 3 |  3.2
Fighting       | 3 |  3.0
Dodging        | 3 |  3.0
Stealth        | 1 |  1.1
Throwing       | |  2.1

Action                   || total
-------------------------++-------
Melee: Whip              ||   100
       Flail             ||     5
       Punch             ||     1
  Use: Scroll            ||     3
       Potion            ||     2
 Stab: Sleeping          ||     1
Armor: Robe              ||    29
Dodge: Dodged            ||    41
